 Dungeon Crawl Stone Soup version 0.23-a0-126-g19e28b4 (webtiles) character file.

128 Amnesiac the Cutter (level 4, -3/35 HPs)
             Began as a Mummy Monk on Aug 26, 2018.
             Slain by an ogre
             ... wielding a +0 giant club
              (13 damage)
             ... on level 4 of the Dungeon.
             The game lasted 00:02:21 (1390 turns).

Amnesiac the Cutter (Mummy Monk)                    Turns: 1390, Time: 00:02:21

Health: -3/35      AC:  6    Str: 14    XL:     4   Next: 86%
Magic:  4/4        EV: 10    Int: 10    God:
Gold:   37         SH:  0    Dex: 14    Spells: 3/3 levels left

rFire    x . .     SeeInvis .   e - +0 falchion
rCold    + . .     Gourm    .   (no shield)
rNeg     + + +     Faith    .   d - +0 scale mail
rPois    ∞         Spirit   .   (no helmet)
rElec    .         Reflect  .   (no cloak)
rCorr    .         Harm     .   (no gloves)
MR       .....                  (no boots)
Stlth    ..........             (no amulet)
HPRegen  0.11/turn              (no ring)
MPRegen  0.09/turn              (no ring)

@: no status effects
A: no food or potions, fire vulnerability, cold resistance 1, negative energy
resistance 3, torment resistance, unbreathing
a: no special abilities


You were on level 4 of the Dungeon.
You were not hungry.

You visited 1 branch of the dungeon, and saw 4 of its levels.

You collected 37 gold pieces.

Inventory:

Hand Weapons
 a - a +0 short sword
 e - a +0 falchion (weapon)
Armour
 b - a +0 robe
 d - a +0 scale mail (worn)
Scrolls
 c - a scroll of enchant weapon {!r, unknown}
 f - a scroll of fear {!r, unknown}
 g - a scroll of immolation {!r, unknown}
 h - a scroll of remove curse {!r, unknown}


   Skills:
 - Level 3.0 Fighting
 + Level 4.6 Short Blades
 - Level 2.4 Dodging
 - Level 1.5 Stealth


You had 3 spell levels left.
You didn't know any spells.
Your spell library was empty.

Dungeon Overview and Level Annotations

Branches:
Dungeon (4/15)
 Temple: D:4-7

Altars:
Ashenzari
Sif Muna
Uskayaw
Xom

Annotations:
D:4 Grinder


Innate Abilities, Weirdness & Mutations

You do not eat or drink.
Your flesh is vulnerable to fire.
You are immune to poison.
Your flesh is cold resistant. (rC+)
You are immune to negative energy. (rN+++)
You are immune to unholy pain and torment.
You can survive without breathing.


Message History

A quokka skeleton comes into view.
You hit the howler monkey.
The howler monkey is severely wounded.
The howler monkey hits you.
You hit the howler monkey.
The howler monkey is almost dead.
The howler monkey hoots and howls with incredible vigour!
The ball python closely misses you. The ball python grabs you.
The ball python constricts you. The howler monkey closely misses you.
You barely miss the howler monkey.
The howler monkey is almost dead.
The ball python barely misses you.
You riposte.
You barely miss the ball python. The ball python constricts you.
The howler monkey barely misses you.
The ball python bites you but does no damage.
The ball python constricts you.
You hit the howler monkey but do no damage.
The howler monkey is almost dead.
The howler monkey hits you. The ball python bites you.
The ball python constricts you. The worm bites you but does no damage.
Grinder comes into view.
The howler monkey hits you but does no damage.
You barely miss the howler monkey.
The howler monkey is almost dead.
The ball python barely misses you.
You riposte.
You closely miss the ball python. The ball python constricts you.
The howler monkey hoots and howls with incredible vigour!
An ogre comes into view. It is wielding a giant spiked club.
The worm bites you.
The ball python bites you but does no damage.
The ball python constricts you.
You hear a bark!
You hear a shout!
You barely miss the howler monkey.
The howler monkey is almost dead.
The howler monkey hits you but does no damage.
The quokka skeleton bites you.
The ball python bites you but does no damage.
The ball python constricts you.
You closely miss the howler monkey.
The howler monkey is almost dead.
A hound comes into view.
The howler monkey closely misses you.
You riposte.
You hit the howler monkey.
You kill the howler monkey!
Grinder says, "Just stop there for a second..."
The ball python completely misses you. The ball python constricts you.
The quokka skeleton bites you. The worm bites you!
* * * LOW HITPOINT WARNING * * *
Unknown command.
You escape the ball python's grasp.
The quokka skeleton barely misses you.
You riposte.
You hit the quokka skeleton.
The quokka skeleton is heavily damaged.
A leopard gecko skeleton comes into view.
The ball python bites you but does no damage.
The ball python grabs you. The ball python constricts you.
You escape the ball python's grasp.
The hound bites you.
* * * LOW HITPOINT WARNING * * *
An ogre comes into view. It is wielding a giant club.
The ogre shouts!
The hound bites you.
* * * LOW HITPOINT WARNING * * *
You barely miss the ogre. The hound barely misses you.
You riposte.
You closely miss the hound. The ogre hits you with a giant club!
You die...

..................###......
.............#....# #......
...........#.#.....###.....
........##.......#.>###....
.........###..##.##.# #####
.............###.# ..
..............##..
...........O%.....
........#.@#####
.........h5# .........SZ#
##### ........#†O#####...#
..........w....#...#
...............#...#
...............#...#
##.#.#.........#...#
##.#.###...##......#


You could see Grinder, 2 ogres, a worm, a hound, a ball python and a quokka
skeleton.

Vanquished Creatures
  A howler monkey (D:4)
  A worker ant (D:3)
  4 adders
  An ooze (D:3)
  A worm (D:3)
  A leopard gecko (D:4)
  5 orcs
  A ball python (D:1)
  2 bats
  2 frilled lizards
  2 rats
21 creatures vanquished.

Notes
Turn   | Place    | Note
-------+----------+-------------------------------------------
     0 | D:1      | Amnesiac the Mummy Monk began the quest for the Orb.
     0 | D:1      | Reached XP level 1. HP: 18/18 MP: 1/1
    98 | D:2      | Reached skill level 3 in Short Blades
    98 | D:2      | Reached XP level 2. HP: 17/24 MP: 2/2
   295 | D:3      | Found a deep blue altar of Sif Muna.
   304 | D:3      | Found a shimmering altar of Xom.
   305 | D:3      | Found a hide-covered altar of Uskayaw.
   321 | D:3      | Reached XP level 3. HP: 16/29 MP: 3/3
   910 | D:4      | Found a shattered altar of Ashenzari.
   917 | D:4      | Noticed a phantom
   955 | D:3      | Reached skill level 4 in Short Blades
   955 | D:3      | Reached XP level 4. HP: 19/35 MP: 4/4
  1380 | D:4      | Noticed Grinder
  1381 | D:4      | Noticed an ogre
  1389 | D:4      | Noticed an ogre
  1390 | D:4      | Slain by an ogre

Vault maps used:
D:1:      erik_arrival_blinker_ship, bh_walls_and_bars
D:2:      uniq_natasha
D:3:      lemuel_upstairs_altar, grunt_temple_overflow_open, uniq_terence,
          uniq_robin
D:4:      first_ration, ebering_ghost_reflecting_pool,
          cheibrodos_ashenzari_chains, uniq_grinder

Skill      XL: |  1  2  3 |
---------------+----------+-----
Short Blades   | 3 4 |  4.6
Fighting       | |  3.0
Dodging        | |  2.4
Stealth        | |  1.5

Action                   |  1- 3 |  4- 6 || total
-------------------------+-------+-------++-------
Melee: Short sword       |    80 |       ||    80
       Falchion          |    21 |    28 ||    49
 Stab: Sleeping          |     4 |       ||     4
Armor: Robe              |     6 |       ||     6
       Scale mail        |    15 |    15 ||    30
Dodge: Dodged            |    67 |    25 ||    92
       Rpst.: Falchion   |     5 |    10 ||    15

Table legend:
 A = Non-vault XP
 B = Vault XP
 C = Vault XP percentage of total XP
 D = Non-vault monster count
 E = Vault monster count
 F = Vault count percentage of total count
                 A         B        C        D         E       F
            +---------+---------+-------+---------+---------+-------
      Total |     183 |       0 |   0.0 |      21 |       0 |   0.0
            +---------+---------+-------+---------+---------+-------
        D:1 |       3 |       0 |   0.0 |       2 |       0 |   0.0
        D:2 |      16 |       0 |   0.0 |       3 |       0 |   0.0
        D:3 |      89 |       0 |   0.0 |      11 |       0 |   0.0
        D:4 |      75 |       0 |   0.0 |       5 |       0 |   0.0
            +---------+---------+-------+---------+---------+-------
